 Dungeon Crawl Stone Soup version 0.30-a0-715-gdb4ae3ece1 (webtiles) character file.

Game seed: 8024763993130983454

5 Azfaa the Ducker (level 1, 0/19 HPs)
             Began as a Kobold Gladiator on Jan 23, 2023.
             Frozen to death by an endoplasm (2 damage)
             ... on level 2 of the Dungeon.
             The game lasted 00:02:15 (450 turns).

Azfaa the Ducker (Kobold Gladiator)                  Turns: 450, Time: 00:02:16

Health: 0/19       AC: 20    Str: 11    XL:     1   Next: 88%
Magic:  1/1        EV:  3    Int:  9    God:
Gold:   13         SH:  0    Dex: 16    Spells: 0/0 levels left

rFire   . . .      SeeInvis .    j - +0 spear
rCold   . . .      Faith    .    (no shield)
rNeg    . . .      Spirit   .    (body armour currently unavailable)
rPois   +          Reflect  .    (helmet currently unavailable)
rElec   .          Harm     .    (cloak currently unavailable)
rCorr   .          Rampage  .    (gloves currently unavailable)
Will    .....      NoTele   +    (boots currently unavailable)
Stlth   ++                       (no amulet)
HPRegen 0.23/turn                (no ring)
MPRegen 0.07/turn                (no ring)

@: tree-form
A: stationary, stasis, torment immunity, boosted hp, small, no large weapons,
nightstalker 3
a: no special abilities


You were on level 2 of the Dungeon.
You were a tree.
You visited 1 branch of the dungeon, and saw 2 of its levels.

You collected 13 gold pieces.

Inventory:

Hand Weapons
 a - a +0 trident
 j - a +0 spear (weapon)
 n - a +0 war axe
Missiles
 d - 3 throwing nets (quivered)
 e - 2 boomerangs
 f - 3 javelins
 k - 10 stones
Armour
 b - a +0 leather armour (melded)
 c - a +0 helmet (melded)
 m - a +0 leather armour
Potions
 g - a potion of flight {unknown}
 i - a potion of berserk rage {unknown}
 l - a potion of degeneration {unknown}
 o - a potion of haste {unknown}


   Skills:
 + Level 2.3 Fighting
 + Level 2.5 Polearms
 + Level 2.3 Throwing
 + Level 3.7 Dodging
 + Level 0.1 Stealth


You couldn't memorise any spells.
You didn't know any spells.
Your spell library was empty.

Dungeon Overview and Level Annotations

Branches:
Dungeon (2/15)

Altars:


Innate Abilities, Weirdness & Mutations

You are a tree.
Your roots penetrate the ground, keeping you stationary.
You cannot be teleported.
You are immune to unholy pain and torment.
Your maximum health is greatly increased.
Your equipment is partially melded.
You are small and have problems with some larger weapons.
You are completely attuned to the shadows.


Message History

You hit the quokka but do no damage.
The quokka is almost dead.
The quokka misses you.
The endoplasm hits you but does no damage.
You hit the quokka but do no damage.
The quokka is severely wounded.
The quokka barely misses you. The endoplasm misses you.
The quokka closely misses you.
You barely miss the quokka.
The quokka is severely wounded.
The endoplasm barely misses you. The quokka closely misses you.
You completely miss the quokka.
The quokka is severely wounded.
The endoplasm barely misses you. The quokka closely misses you.
You hit the endoplasm.
The endoplasm is moderately wounded.
The quokka barely misses you. The endoplasm freezes you.
You are frozen.
* * * LOW HITPOINT WARNING * * *
The quokka barely misses you. The endoplasm attacks as you move away!
The endoplasm closely misses you. The quokka attacks as you move away!
The quokka barely misses you.
There is an open door here.
The endoplasm attacks as you move away! The endoplasm barely misses you.
It was a potion of lignification.
You turn into a tree.
Your +0 helmet melds into your body.
Your +0 leather armour melds into your body.
Your roots penetrate the ground.
The endoplasm hits you but does no damage.
You hit the endoplasm.
The endoplasm is severely wounded.
The endoplasm freezes you.
You are frozen.
* * * LOW HITPOINT WARNING * * *
You completely miss the endoplasm.
The endoplasm is severely wounded.
The endoplasm freezes you.
You are frozen.
You die...

#.# .......
#.#### ####+#
#....# ####.#
#.# #.....#
#.# #.....#
#.# +.....+
#.#####.....#
#..♣Jr'.....#
#######.....#
........#
........#
...##...# ...
#...#


You could see an endoplasm and a quokka.

Vanquished Creatures
  An endoplasm (D:2)
  2 giant cockroaches
  A ball python (D:1)
  A bat (D:1)
5 creatures vanquished.

Notes
Turn   | Place    | Note
-------+----------+-------------------------------------------
     0 | D:1      | Azfaa the Kobold Gladiator began the quest for the Orb.
     0 | D:1      | Reached XP level 1. HP: 12/12 MP: 1/1
   191 | D:1      | Found a faded altar of an unknown god.
   450 | D:2      | Frozen to death by an endoplasm

Illustrated notes

Levels and vault maps discovered:
D:1:      sevenhm_arrival_forest_fort_small_6, layout_loops_ring,
          ebering_ecumenical_altar_webs, supply_closet_lemuel,
          minmay_pentomino_t2
D:2:      layout_basic, basic_altar, minmay_cut_off, uniq_natasha

Action                     || total
---------------------------++-------
  Melee: Spear             ||    35
    Use: Potion            ||     1
   Stab: Sleeping          ||     3
 Armour: Leather armour    ||    10
         Skin              ||     1
  Dodge: Dodged            ||    41

Table legend: (Time is in decaauts)
 A = Elapsed time spent in this place.
 B = Non-inter-level travel time spent in this place.
 C = Inter-level travel time spent in this place.
 D = Time resting spent in this place.
 E = Time spent auto-exploring this place.
 F = Levels seen in this place.
 G = Mean time per level.
                   A        B        C        D        E       F      G
               +--------+--------+--------+--------+--------+-----+--------+
         Total |    448 |    448 |      0 |    100 |      0 |   2 |  224.0 |
       Dungeon |    448 |    448 |      0 |    100 |      0 |   2 |  224.0 |
               +--------+--------+--------+--------+--------+-----+--------+

Top non-repeatable levels by time:
     D:2: 229 daAuts
     D:1: 219 daAuts
